 Dungeon Crawl Stone Soup version 0.22-a0-369-gc73351f94e (webtiles) character file.

184 Minion the Conjurer (level 5, 0/28 HPs)
             Began as a Deep Elf Conjurer on Apr 24, 2018.
             Slain by an ice beast (9 damage)
             ... on level 4 of the Dungeon.
             The game lasted 00:05:06 (3127 turns).

Minion the Conjurer (Deep Elf Conjurer)             Turns: 3127, Time: 00:05:06

Health: 0/28       AC:  4    Str:  5    XL:     5   Next: 36%
Magic:  11/22      EV: 14    Int: 21    God:
Gold:   192        SH:  0    Dex: 15    Spells: 5/13 levels left

rFire    . . .     SeeInvis .   (no weapon)
rCold    . . .     Gourm    .   (no shield)
rNeg     . . .     Faith    .   a - +0 robe
rPois    .         Spirit   .   j - +1 helmet
rElec    .         Reflect  .   (no cloak)
rCorr    .         Harm     .   (no gloves)
MR       .....                  (no boots)
Stlth    +++.......             (no amulet)
HPRegen  0.09/turn              m - ring of wizardry
MPRegen  0.18/turn              n - ring of magical power

@: no status effects
A: no striking features
a: no special abilities


You were on level 4 of the Dungeon.
You were not hungry.

You visited 1 branch of the dungeon, and saw 4 of its levels.

You collected 192 gold pieces.

Inventory:

Armour
 a - a +0 robe (worn)
 j - a +1 helmet (worn)
Jewellery
 f - an uncursed ring of ice {unknown}
 m - a ring of wizardry (left hand)
 n - a ring of magical power (right hand)
Wands
 h - a wand of enslavement (17)
Scrolls
 b - 5 scrolls of identify {unknown}
 i - a scroll of immolation {unknown}
 k - a scroll of fear {unknown}
 q - a scroll of blinking {unknown}
 r - a scroll of teleportation {unknown}
 s - 2 scrolls of noise {unknown}
Potions
 d - a potion of resistance {unknown}
 e - a potion of heal wounds {unknown}
 g - 2 potions of magic {unknown}
 l - a potion of cancellation {unknown}
 o - a potion of brilliance {unknown}
Comestibles
 c - 11 rations
 p - 2 chunks of flesh


   Skills:
 + Level 4.0 Dodging
 + Level 4.1 Stealth
 + Level 4.5 Spellcasting
 + Level 5.3 Conjurations


You had 5 spell levels left.
You knew the following spells:

 Your Spells              Type           Power        Failure   Level  Hunger
a - Magic Dart            Conj           ####         1%          1    None
b - Dazzling Spray        Conj/Hex       ###...       4%          3    ##.....
c - Iskenderun's Mystic   Conj           ####....     5%          4    ####...


Dungeon Overview and Level Annotations

Branches:
Dungeon (4/15)
 Temple: D:4-7

Altars:
Nemelex Xobeh
Uskayaw
The Shining One

Annotations:
D:3 1 runed door


Message History

The magic dart hits the ice beast.
The ice beast is almost dead.
The ice beast hits you but does no damage.
Casting: Magic Dart (safe; 1% risk of failure)
Confirm with . or Enter, or press ? or * to list all spells.
Aiming: Magic Dart (safe; 1% risk of failure)
Press: ? - help, Shift-Dir - straight line, f/p - ice beast
Aim: an ice beast (almost dead)
The magic dart hits the ice beast.
The ice beast is almost dead.
The ice beast hits you. The ice beast freezes you!
Casting: Magic Dart (safe; 1% risk of failure)
Confirm with . or Enter, or press ? or * to list all spells.
Aiming: Magic Dart (safe; 1% risk of failure)
Press: ? - help, Shift-Dir - straight line, f/p - ice beast
Aim: an ice beast (almost dead)
The magic dart hits the ice beast.
The ice beast is almost dead.
The ice beast hits you. The ice beast freezes you!
You die...

#.#.#..#.#..#)#..#.#..#.#..
#######.#.#..#.#..+.'..#.#..'.'..
......#.#.####.####.####.####.###
......'.#........................
......#.#########################
......#..........................
...........#####....>############
...........# #.##### ...###.....#
#@# ...# #.....#####.Y....# ...#
#................# ...#
##..########.....# ...####...<#
..[..# ......#...##.. .....#
............... .....#
......[........ .....#
#..............


You could see an ice beast.

Vanquished Creatures
  Jessica (D:2)
  A hound skeleton (D:4)
  8 adders
  3 worms
  2 dart slugs
  A leopard gecko (D:4)
  An orc (D:3)
  2 ball pythons (D:2)
  5 bats
  2 giant cockroaches (D:3)
  4 goblins
  5 hobgoblins
  12 jackals
  2 quokkas
  4 frilled lizards
  3 kobolds
  7 rats
63 creatures vanquished.

Notes
Turn   | Place    | Note
-------+----------+-------------------------------------------
     0 | D:1      | Minion the Deep Elf Conjurer began the quest for the Orb.
     0 | D:1      | Reached XP level 1. HP: 10/10 MP: 6/6
   300 | D:1      | Reached XP level 2. HP: 15/15 MP: 6/8
   571 | D:2      | Found a hide-covered altar of Uskayaw.
   740 | D:2      | Reached XP level 3. HP: 19/19 MP: 8/10
   752 | D:2      | Learned a level 3 spell: Dazzling Spray
  1076 | D:2      | Noticed Jessica
  1079 | D:2      | Killed Jessica
  1079 | D:2      | Reached XP level 4. HP: 24/24 MP: 7/11
  1482 | D:2      | Found a sparkling altar of Nemelex Xobeh.
  1654 | D:3      | Reached skill level 5 in Conjurations
  1944 | D:3      | Found a runed door.
  2113 | D:3      | Found a glowing golden altar of the Shining One.
  2124 | D:3      | Reached XP level 5. HP: 23/28 MP: 2/13
  2314 | D:3      | Found a faded altar of an unknown god.
  2470 | D:3      | Learned a level 4 spell: Iskenderun's Mystic Blast
  3114 | D:4      | Noticed an ice beast
  3127 | D:4      | Slain by an ice beast

Vault maps used:
D:1:      sevenhm_arrival_forest_fort_small_4
D:2:      marbit_many_paths, nemelex_lonely_heart_becter, uniq_jessica
D:3:      lemuel_round_altar, first_ration,
          chequers_ecumenical_altar_simple_redux, uniq_crazy_yiuf_cottage
D:4:      minmay_door_path

Skill      XL: |  1  2  3  4  5 |
---------------+----------------+-----
Stealth        | 3 4 |  4.1
Dodging        | 3 4 |  4.0
Spellcasting   | 4 |  4.5
Conjurations   | 5 |  5.3

Action                   |  1- 3 |  4- 6 || total
-------------------------+-------+-------++-------
 Cast: Magic Dart        |    54 |    99 ||   153
       Iskenderun's Myst |       |     2 ||     2
  Eat: Chunk             |       |     5 ||     5
       Ration            |       |     1 ||     1
Armor: Robe              |     6 |     6 ||    12
Dodge: Dodged            |     5 |     6 ||    11

Table legend:
 A = Spawn XP
 B = Non-spawn XP
 C = Spawn XP percentage of total XP
 D = Spawn monster count
 E = Non-spawn monster count
 F = Spawn count percentage of total count
 G = Total turns spent on level
                    A         B        C        D         E        F      G
               +---------+---------+-------+---------+---------+-------+---------
         Total |       0 |     264 |   0.0 |       0 |      63 |   0.0 |  3127
               +---------+---------+-------+---------+---------+-------+---------
           D:1 |       0 |      18 |   0.0 |       0 |      11 |   0.0 |   491
           D:2 |       0 |     105 |   0.0 |       0 |      20 |   0.0 |  1148
           D:3 |       0 |     101 |   0.0 |       0 |      26 |   0.0 |   959
           D:4 |       0 |      40 |   0.0 |       0 |       6 |   0.0 |   529
               +---------+---------+-------+---------+---------+-------+---------
